 Dungeon Crawl Stone Soup version 0.28-a0-730-g892d06dc2c (webtiles) character file.

Game seed: 10255973042699399124

63 kae the Sneak (level 3, -1/16 HPs)
             Began as a Spriggan Enchanter on Oct 28, 2021.
             Slain by an orc (10 damage)
             ... on level 3 of the Dungeon.
             The game lasted 00:02:15 (2550 turns).

kae the Sneak (Spriggan Enchanter)                  Turns: 2550, Time: 00:02:16

Health: -1/16      AC:  2    Str:  5    XL:     3   Next: 87%
Magic:  8/8        EV: 17    Int: 16    God:
Gold:   701        SH:  0    Dex: 15    Spells: 0/8 levels left

rFire   . . .      SeeInvis +   a - +1 dagger
rCold   . . .      Faith    .   (shield restricted)
rNeg    . . .      Spirit   .   b - +0 robe
rPois   .          Reflect  .   (helmet restricted)
rElec   .          Harm     .   (no cloak)
rCorr   .          Rampage  .   (gloves unavailable)
Will    .....                   (boots unavailable)
Stlth   +++.......              (no amulet)
HPRegen 0.05/turn               (no ring)
MPRegen 0.11/turn               (no ring)

@: very quick
A: very small, no large weapons, unfitting armour, see invisible, speed 3
a: no special abilities


You were on level 3 of the Dungeon.
You visited 1 branch of the dungeon, and saw 3 of its levels.

You collected 701 gold pieces.

Inventory:

Hand Weapons
 a - a +1 dagger (weapon)
Armour
 b - a +0 robe (worn)
Jewellery
 f - a ring of protection from cold
 g - a ring of protection from cold
 i - a ring of fire
Potions
 c - a potion of invisibility
 e - a potion of berserk rage
 h - a potion of magic {unknown}
 j - a potion of heal wounds


   Skills:
 * Level 2.7 Short Blades
 - Level 2.6 Dodging
 + Level 5.1 Stealth
 + Level 3.3 Spellcasting
 + Level 4.1 Hexes


You couldn't memorise any spells.
You knew the following spells:

 Your Spells              Type           Power      Damage    Failure   Level
a - Ensorcelled Hibernat  Hex/Ice        18%        N/A       12%         2
b - Confusing Touch       Hex            16%        N/A       10%         3
c - Tukima's Dance        Hex            16%        N/A       10%         3

Your spell library contained the following spells:

 Spells                   Type           Power      Damage    Failure   Level
 Shock                    Conj/Air       8%         1d3       19%         1
 Dazzling Flash           Conj/Hex       18%        N/A       22%         3
 Swiftness                Air            2%         N/A       47%         3
 Airstrike                Air            1%         N/A       87%         4


Dungeon Overview and Level Annotations

Branches:
Dungeon (3/15)

Altars:


Innate Abilities, Weirdness & Mutations

You are very small and have problems with some larger weapons.
You are too small for most types of armour.
You have supernaturally acute eyesight. (SInv)
You cover ground extremely quickly. (Speed+++)


Message History

You climb upwards.
There is a stone staircase leading down here.
You hit the giant cockroach but do no damage.
The giant cockroach misses you.
Casting: Ensorcelled Hibernation (safe; 12% risk of failure)
Confirm with . or Enter, or press ? or * to list all spells.
Aiming: Ensorcelled Hibernation (safe; 12% risk of failure)
Press: ? - help, Shift-Dir - straight line, f - giant cockroach
Aim: a giant cockroach (chance to affect: 58%)
The giant cockroach looks drowsy...
The dart slug bites you.
The helpless giant cockroach fails to defend itself.
You impale the giant cockroach!!
You kill the giant cockroach!
The dart slug launches a dart at you. The slug dart hits you.
Casting: Ensorcelled Hibernation (safe; 12% risk of failure)
Confirm with . or Enter, or press ? or * to list all spells.
Aiming: Ensorcelled Hibernation (safe; 12% risk of failure)
Press: ? - help, Shift-Dir - straight line, f - dart slug
Aim: a dart slug (chance to affect: 58%)
The dart slug looks drowsy...
Casting: Ensorcelled Hibernation (safe; 12% risk of failure)
Confirm with . or Enter, or press ? or * to list all spells.
You can't see any susceptible monsters within range! (Use Z to cast anyway.)
Casting: Ensorcelled Hibernation (safe; 12% risk of failure)
Confirm with . or Enter, or press ? or * to list all spells.
You can't see any susceptible monsters within range! (Use Z to cast anyway.)
The helpless dart slug fails to defend itself.
You impale the dart slug!!
You kill the dart slug!
You start resting.
Magic restored.
HP restored.
You climb downwards.
The orc hits you with a +0 falchion! The orc closely misses you.
The orc completely misses you. The orc closely misses you. x2
There is a stone staircase leading up here.
The orc hits you with a +0 war axe!
Ouch! That really hurt!
You die...

#...= +....
#....
#....#########
.............
##. ...........
.....#o.o......
....(.o@.......
...).#.........
... #.......o.
. #.........
#......$..
#......|..
#.........
##########


You could see 4 orcs.

Vanquished Creatures
  2 adders (D:2)
  3 dart slugs
  3 bats
  An endoplasm (D:1)
  2 giant cockroaches (D:2)
  3 goblins
  3 hobgoblins
  3 jackals
  4 kobolds
  2 quokkas
  3 ball pythons
  2 frilled lizards
  4 rats
35 creatures vanquished.

Notes
Turn   | Place    | Note
-------+----------+-------------------------------------------
     0 | D:1      | kae the Spriggan Enchanter began the quest for the Orb.
     0 | D:1      | Reached XP level 1. HP: 9/9 MP: 5/5
   383 | D:1      | Reached XP level 2. HP: 11/13 MP: 6/6
   465 | D:1      | Learned a level 2 spell: Ensorcelled Hibernation
  1061 | D:1      | Identified a scroll of acquirement
  1061 | D:1      | Acquired 627 gold pieces
  1575 | D:2      | Reached XP level 3. HP: 13/16 MP: 1/8
  1579 | D:2      | Learned a level 3 spell: Confusing Touch
  1583 | D:2      | Learned a level 3 spell: Tukima's Dance
  1689 | D:2      | Reached skill level 5 in Stealth
  2550 | D:3      | Slain by an orc

Illustrated notes

Levels and vault maps discovered:
D:1:      evilmike_arrival_plus, layout_basic, minmay_misc_feat_square
D:2:      layout_basic, minmay_crystal_room
D:3:      layout_basic, serial_shops, shop

Skill      XL: |  1  2  3 |
---------------+----------+-----
Spellcasting   | 3 |  3.3
Short Blades   | 2 |  2.7
Hexes          | 4 |  4.1
Stealth        | 5 |  5.1
Dodging        | |  2.6

Action                   || total
-------------------------++-------
Melee: Dagger            ||    94
 Cast: Ensorcelled Hiber ||    23
  Use: Scroll            ||     5
 Stab: Sleeping          ||    25
Armor: Robe              ||    13
Dodge: Dodged            ||    70

Table legend: (Time is in decaauts)
 A = Elapsed time spent in this place.
 B = Non-inter-level travel time spent in this place.
 C = Inter-level travel time spent in this place.
 D = Time resting spent in this place.
 E = Time spent auto-exploring this place.
 F = Levels seen in this place.
 G = Mean time per level.
                   A        B        C        D        E       F      G
               +--------+--------+--------+--------+--------+-----+--------+
         Total |   1951 |   1908 |     43 |    540 |   1104 |   3 |  650.3 |
       Dungeon |   1951 |   1908 |     43 |    540 |   1104 |   3 |  650.3 |
               +--------+--------+--------+--------+--------+-----+--------+

Top non-repeatable levels by time:
     D:1: 1092 daAuts
     D:2: 853 daAuts
     D:3: 5 daAuts
